 Dungeon Crawl Stone Soup version 0.20.0-15-g7f486f2 (webtiles) character file.

137 blackwizard the Charmwright (level 5, -1/49 HPs)
             Began as a Troll Skald on June 15, 2017.
             Was an Initiate of Okawaru.
             Slain by Grinder (6 damage)
             ... on level 3 of the Dungeon.
             The game lasted 00:15:35 (2223 turns).

blackwizard the Charmwright (Troll Skald)           Turns: 2223, Time: 00:15:35

Health: -1/49      AC:  6    Str: 19    XL:     5   Next: 0%
Magic:  1/6        EV: 12    Int: 10    God:    Okawaru [......]
Gold:   122        SH:  0    Dex:  9    Spells: 2/7 levels left

rFire    . . .     SeeInvis .   a - +0 falchion
rCold    + . .     Gourm    +   (no shield)
rNeg     . . .     Faith    .   b - +0 robe
rPois    .         Spirit   .   (helmet restricted)
rElec    .         Reflect  .   y - +0 cloak
rCorr    .         Harm     .   (gloves unavailable)
MR       .....                  (boots unavailable)
Stlth    +.........             (no amulet)
Regen    0.6/turn               f - +2 ring of evasion
MPRegen  0.1/turn               n - ring of protection from cold

@: very slightly contaminated
A: unfitting armour, claws 3, fast metabolism 3, gourmand, regeneration 1,
shaggy fur 1, tough skin 2
a: Renounce Religion


You were on level 3 of the Dungeon.
You worshipped Okawaru.
Okawaru was noncommittal.
You were not hungry.

You visited 1 branch of the dungeon, and saw 3 of its levels.

You collected 122 gold pieces.

Inventory:

Hand Weapons
 a - a +0 falchion (weapon)
 g - a +0 dagger
 j - a +0 short sword
 x - a +0 short sword
Missiles
 e - 39 stones (quivered)
 o - 27 arrows
 v - 20 sling bullets
 w - 2 tomahawks of returning
Armour
 b - a +0 robe (worn)
 y - a +0 cloak (worn)
Jewellery
 f - a +2 ring of evasion (left claw)
 n - a ring of protection from cold (right claw)
Scrolls
 k - a scroll of blinking {unknown}
 l - a scroll of noise {unknown}
 p - a scroll of enchant weapon {unknown}
 q - a scroll of identify {unknown}
 r - a scroll of teleportation {unknown}
 s - 2 scrolls of remove curse {unknown}
Potions
 h - a potion of degeneration {unknown}
 z - a potion of lignification {unknown}
Books
 c - a book of Battle

   Spells                             Type                      Level
   a - Infusion                       Charms                       1
   b - Shroud of Golubria             Charms/Translocation         2
   c - Song of Slaying                Charms                       2
   d - Spectral Weapon                Hexes/Charms                 3
   e - Regeneration                   Charms/Necromancy            3
 u - a book of Cantrips

   Spells                             Type                      Level
   a - Confusing Touch                Hexes                        1
   b - Animate Skeleton               Necromancy                   1
   c - Summon Small Mammal            Summoning                    1
   d - Apportation                    Translocation                1
Comestibles
 d - 2 bread rations
 i - 3 royal jellies
 m - 2 meat rations


   Skills:
 + Level 2.0 Fighting
 + Level 2.4 Long Blades
 + Level 2.5 Dodging
 + Level 0.1 Stealth
 + Level 1.7 Spellcasting
 + Level 0.1 Hexes
 + Level 2.5 Charms
 + Level 0.1 Summonings


You had 2 spell levels left.
You knew the following spells:

 Your Spells              Type           Power        Failure   Level  Hunger
a - Infusion              Chrm           #...         11%         1    ##.....
b - Spectral Weapon       Hex/Chrm       #.......     50%         3    ####...
c - Summon Small Mammal   Summ           #...         30%         1    ##.....


Dungeon Overview and Level Annotations

Branches:
Dungeon (3/15)

Altars:
Kikubaaqudgha
Nemelex Xobeh
Okawaru
Ru

Annotations:
D:3 Grinder


Innate Abilities, Weirdness & Mutations

You are too large for most types of armour.
You have claws for hands.
Your metabolism is lightning-fast.
You like to eat raw meat.
Your natural rate of healing is unusually fast.
You are covered in fur. (AC +1)
You have very tough skin. (AC +2)


Message History

Confirm with . or Enter, or press ? or * to list all spells.
Your bat disappears in a puff of smoke!
Casting: Summon Small Mammal
Confirm with . or Enter, or press ? or * to list all spells.
You miscast Summon Small Mammal.
Distant voices call out to you!
The orc priest invokes the aid of Beogh against you.
Pain shoots through your body!
* * * LOW HITPOINT WARNING * * *
The orc priest misses you.
You riposte.
You slash the orc priest!
The orc priest is heavily wounded.
The orc priest hits your rat with a hand axe of chopping.
Your rat dies!
Your rat's corpse disappears in a puff of smoke!
Grinder gestures at you. Pain shoots through your body!
* * * LOW HITPOINT WARNING * * *
Grinder barely misses you. Grinder hits you.
You die...

### ..# ### #.#
##.## #.# ##<).##
#.#######.###.....##
#.......[..)..o....#
#o#######.###..o..##
##.####5@.##
#..)......#
####..#####..#
###.....# #..#
.......o# #..#
###.##..# #..# #
#.##..# #..# ##.
#.##..# #..# #.#
#.#...## #..#


You could see Grinder, an orc priest and an orc.

Vanquished Creatures
  Jessica (D:3)
  3 adders (D:2)
  An ooze (D:2)
  A worm (D:3)
  5 dart slugs
  2 leopard geckos
  7 orcs (D:3)
  3 bats
  2 giant cockroaches (D:1)
  10 goblins
  7 hobgoblins
  2 quokkas (D:2)
  2 frilled lizards (D:1)
  6 kobolds
  5 rats
  A plant (D:1)
58 creatures vanquished.

Vanquished Creatures (collateral kills)
  A goblin (D:3)
1 creature vanquished.

Grand Total: 59 creatures vanquished

Notes
Turn   | Place    | Note
-------+----------+-------------------------------------------
     0 | D:1      | blackwizard the Troll Skald began the quest for the Orb.
     0 | D:1      | Reached XP level 1. HP: 19/19 MP: 1/1
   493 | D:1      | Reached XP level 2. HP: 27/27 MP: 2/2
   961 | D:2      | Reached XP level 3. HP: 35/35 MP: 0/4
  1019 | D:2      | Found a sacrificial altar of Ru.
  1020 | D:2      | Found a sparkling altar of Nemelex Xobeh.
  1020 | D:2      | Found an iron altar of Okawaru.
  1021 | D:2      | Found an ancient bone altar of Kikubaaqudgha.
  1051 | D:2      | Became a worshipper of Warmaster Okawaru
  1146 | D:2      | Learned a level 3 spell: Spectral Weapon
  1381 | D:2      | Learned a level 1 spell: Summon Small Mammal
  1458 | D:2      | Reached XP level 4. HP: 26/42 MP: 3/5
  1735 | D:3      | Noticed Jessica
  1768 | D:3      | Killed Jessica
  1805 | D:3      | Noticed Grinder
  1826 | D:3      | Paralysed by Grinder for 7 turns
  1884 | D:3      | Paralysed by Grinder for 6 turns
  1963 | D:3      | Paralysed by Grinder for 2 turns
  1967 | D:3      | Paralysed by Grinder for 2 turns
  1986 | D:3      | Paralysed by Grinder for 4 turns
  2105 | D:3      | Paralysed by Grinder for 6 turns
  2134 | D:3      | Paralysed by Grinder for 3 turns
  2218 | D:3      | Reached XP level 5. HP: 11/49 MP: 2/6
  2223 | D:3      | Slain by Grinder

Skill      XL: |  1  2  3  4 |
---------------+-------------+-----
Dodging        | 2 |  2.5
Long Blades    | 2 |  2.4
Fighting       | 2 |  2.0
Stealth        | |  0.1
Spellcasting   | |  1.7
Hexes          | |  0.1
Charms         | |  2.5
Summonings     | |  0.1

Action                   |  1- 3 |  4- 6 || total
-------------------------+-------+-------++-------
Melee: Falchion          |   148 |    89 ||   237
 Cast: Infusion          |    14 |       ||    14
       Spectral Weapon   |     2 |     3 ||     5
       Summon Small Mamm |       |    20 ||    20
  Eat: Chunk             |     7 |     6 ||    13
       Bread ration      |     1 |     1 ||     2
Armor: Robe              |    51 |    33 ||    84
Dodge: Dodged            |    96 |    81 ||   177
       Rpst.: Falchion   |    23 |    26 ||    49
